 Dungeon Sprint DCSS version 0.31-a0-1-g4198be8af4 (webtiles) character file.

Game seed: 13542524884027423769

364 rocky1 the Thaumaturge (level 6, -6/37 HPs)
             Began as a Deep Elf Earth Elementalist on May 2, 2023.
             Was an Elder of Sif Muna.
             Shot with an arrow by a centaur (13 damage)
             ... in the Dungeon (Sprint VII: "The Pits").
             The game lasted 00:01:57 (643 turns).

rocky1 the Thaumaturge (Deep Elf Earth Elementalist) Turns: 643, Time: 00:01:58

Health: -6/37      AC:  2    Str:  5    XL:     6   Next: 39%
Magic:  13/19      EV: 12    Int: 22    God:    Sif Muna [****..]
Gold:   0          SH:  0    Dex: 15    Spells: 17/21 levels left

rFire   . . .        m - +3 scimitar
rCold   . . .        (no shield)
rNeg    . . .        a - +0 robe
rPois   .            (no helmet)
rElec   .            (no cloak)
rCorr   .            (no gloves)
SInv    .            (no boots)
Will    .....        (no amulet)
Stlth   ++           (no ring)
HPRegen 0.26/turn    (no ring)
MPRegen 0.16/turn

%: no teleportation
@: no status effects
A: no striking features
a: Renounce Religion, Channel Magic, Forget Spell, Divine Exegesis


You were in the Dungeon.
You worshipped Sif Muna.
Sif Muna was greatly pleased with you.
You visited 1 branch

Inventory:

Hand Weapons
 k - a +1 long sword of holy wrath
 m - a +3 scimitar (weapon)
Armour
 a - a +0 robe (worn)
Scrolls
 g - a scroll of blinking
 i - 5 scrolls of amnesia
 j - a scroll of butterflies
Potions
 b - 5 potions of magic
 c - 6 potions of curing
 d - 5 potions of heal wounds
 e - a potion of haste
 f - 2 potions of berserk rage
 h - 2 potions of invisibility


   Skills:
 + Level 3.4 Fighting
 - Level 2.4 Dodging
 - Level 2.4 Stealth
 + Level 8.2 Spellcasting
 + Level 6.2 Conjurations
 - Level 1.1 Transmutations
 + Level 6.1 Fire Magic
 + Level 5.6 Air Magic
 + Level 7.1 Earth Magic


You had 17 spell levels left.
You knew the following spells:

 Your Spells              Type           Power      Damage    Failure   Level
a - Sandblast             Erth           80%        2d17      1%          1
b - Stone Arrow           Conj/Erth      76%        3d11      1%          3

Your spell library contained the following spells:

 Spells                   Type           Power      Damage    Failure   Level
 Passwall                 Tmut/Erth      22%        N/A       1%          2
 Petrify                  Tmut/Erth      27%        N/A       13%         4


Dungeon Overview and Level Annotations

Branches:
Dungeon (1/1)

Altars:
Ashenzari
Cheibriados
Dithmenos
Elyvilon
Fedhas
Gozag
Hepliaklqana
Kikubaaqudgha
Makhleb
Nemelex Xobeh
Okawaru
Qazlal
Ru
Sif Muna
Trog
Uskayaw
Vehumet
Wu Jian
Xom
Yredelemnul
Zin
The Shining One
Jiyva
Lugonu


Message History

Press: ? - help, Q - select action, (/) - cycle Shift-Dir - straight line, f - quasit
Aim: a quasit (69% to hit)
The blast of sand hits the quasit!!
You kill the quasit!
Sif Muna accepts your kill. The fire bat closely misses you.
Your Fire Magic skill increases to level 6!
Your Earth Magic skill increases to level 7!
Aiming: Sandblast (safe; 1% risk of failure)
Press: ? - help, Q - select action, (/) - cycle Shift-Dir - straight line, f - fire bat
Aim: a fire bat (77% to hit)
The blast of sand hits the fire bat!
The fire bat is heavily wounded.
The fire bat bites you.
You are engulfed in flames.
The fire bat bites you.
You are engulfed in flames.
Aiming: Sandblast (safe; 1% risk of failure)
Press: ? - help, Q - select action, (/) - cycle Shift-Dir - straight line, f/p - fire bat
Aim: a fire bat (heavily wounded, 77% to hit)
The blast of sand hits the fire bat!
The fire bat is almost dead.
The orc priest shouts!
The fire bat bites you.
You are engulfed in flames.
The fire bat bites you.
* * * LOW HITPOINT WARNING * * *
You are engulfed in flames!
* * * LOW HITPOINT WARNING * * *
The fire bat barely misses you.
You feel much better. The fire bat closely misses you. The fire bat bites you.
You are engulfed in flames!
* * * LOW HITPOINT WARNING * * *
Unknown command.
Aiming: Sandblast (safe; 1% risk of failure)
Press: ? - help, Q - select action, (/) - cycle Shift-Dir - straight line, f/p - fire bat
Aim: a fire bat (almost dead, 77% to hit)
The blast of sand hits the fire bat!
You kill the fire bat!
Sif Muna accepts your kill.
The centaur shoots an arrow.
The arrow hits you.
* * * LOW HITPOINT WARNING * * *
The centaur shoots an arrow.
The arrow hits you!
You die...

#...........'.....
#'#####)#####.....
#.#..#.)#..##.....
#.#..÷..#))#####'#
#.#.÷####.)##.....
#.#..#..#))##.....
#.#†)#..#[[##.....
#.##)#..#'###...<.
#@#[.†.....##.....
#.#........##.....
#c###########.....


#oo ###### #o.Z ##.#b ..oZ .# #o .. o. You could see a centaur, an orc priest
and 2 orcs.

Vanquished Creatures
  A fire bat (D)
  5 wights (D)
  A crimson imp (D)
  A quasit (D)
  2 gnolls (D)
  A river rat (D)
  An orc (D)
  2 giant cockroaches (D)
  A hobgoblin (D)
  2 jackals (D)
  A ball python (D)
18 creatures vanquished.

Notes
Turn   | Place    | Note
-------+----------+-------------------------------------------
     0 | D        | rocky1 the Deep Elf Earth Elementalist began the quest for
                  | the Orb.
     0 | D        | Reached XP level 1. HP: 10/10 MP: 6/6
    18 | D        | Found a bloodstained altar of Trog.
    18 | D        | Found a shimmering blue altar of Sif Muna.
    18 | D        | Found a viscous altar of Jiyva.
    18 | D        | Found a hazy altar of Hepliaklqana.
    18 | D        | Found an opulent altar of Gozag.
    19 | D        | Found a glowing golden altar of the Shining One.
    19 | D        | Found a glowing silver altar of Zin.
    19 | D        | Found a basalt altar of Yredelemnul.
    19 | D        | Found a shimmering altar of Xom.
    19 | D        | Found an ornate altar of the Wu Jian Council.
    19 | D        | Found a sacrificial altar of Ru.
    19 | D        | Found a stormy altar of Qazlal.
    19 | D        | Found an iron altar of Okawaru.
    19 | D        | Found a sparkling altar of Nemelex Xobeh.
    19 | D        | Found a burning altar of Makhleb.
    19 | D        | Found a blossoming altar of Fedhas.
    19 | D        | Found a white marble altar of Elyvilon.
    19 | D        | Found a shadowy altar of Dithmenos.
    19 | D        | Found a snail-covered altar of Cheibriados.
    22 | D        | Found a corrupted altar of Lugonu.
    22 | D        | Found a radiant altar of Vehumet.
    23 | D        | Found an ancient bone altar of Kikubaaqudgha.
    23 | D        | Found a hide-covered altar of Uskayaw.
    23 | D        | Found a broken altar of Ashenzari.
    24 | D        | Became a worshipper of Sif Muna the Loreminder
    59 | D        | Reached skill level 1 in Conjurations
    59 | D        | Reached skill level 1 in Fire Magic
    59 | D        | Reached skill level 1 in Air Magic
    61 | D        | Reached skill level 4 in Spellcasting
    61 | D        | Reached XP level 2. HP: 15/15 MP: 3/9
   280 | D        | Reached * piety under Sif Muna
   287 | D        | Reached ** piety under Sif Muna
   332 | D        | Noticed a wight
   334 | D        | Killed a wight
   335 | D        | Reached skill level 5 in Spellcasting
   335 | D        | Reached skill level 5 in Earth Magic
   335 | D        | Reached XP level 3. HP: 12/19 MP: 8/12
   335 | D        | Reached XP level 4. HP: 15/24 MP: 8/13
   480 | D        | Reached skill level 1 in Fighting
   480 | D        | Reached skill level 6 in Spellcasting
   482 | D        | Reached XP level 5. HP: 29/29 MP: 10/15
   483 | D        | Reached *** piety under Sif Muna
   484 | D        | Reached skill level 7 in Spellcasting
   484 | D        | Reached skill level 5 in Conjurations
   484 | D        | Reached skill level 5 in Fire Magic
   488 | D        | Reached skill level 5 in Air Magic
   488 | D        | Reached XP level 6. HP: 22/37 MP: 5/18
   489 | D        | Reached **** piety under Sif Muna
   630 | D        | Learned a level 3 spell: Stone Arrow
   637 | D        | Noticed a fire bat
   637 | D        | Noticed an orc warrior
   638 | D        | Reached skill level 8 in Spellcasting
   641 | D        | HP: 1/37 [fire bat (9)]
   643 | D        | Killed a fire bat
   643 | D        | Shot with an arrow by a centaur

Illustrated notes

Levels and vault maps discovered:
D:        pitsprint [storerooms_1, entrance_room_1, metal_vault_2, armoury_2,
          mini_pit_1, grid_room_1, main_hall_1, silver_pit, the_coven_1,
          the_vestibule_1, steel_vault_2, golden_pit, hallway_of_sentries,
          crystal_vault_2, iron_vault_1, final_vault]

Skill      XL: |  1  2  3  4  5  6 |
---------------+-------------------+-----
Conjurations   | 2 3 4 5 6 |  6.2
Fire Magic     | 2 3 4 5 6 |  6.1
Air Magic      | 1 3 4 5 |  5.6
Spellcasting   | 4 5 6 7 8 |  8.2
Earth Magic    | 4 5 6 7 |  7.1
Fighting       | 1 3 |  3.4
Dodging        | |  2.4
Stealth        | |  2.4
Transmutations | |  1.1

Action                     |  1- 3 |  4- 6 || total
---------------------------+-------+-------++-------
  Melee: Falchion          |     4 |       ||     4
   Cast: Sandblast         |     7 |    17 ||    24
    Use: Potion            |     1 |     1 ||     2
  Dodge: Dodged            |     2 |     9 ||    11

Table legend: (Time is in decaauts)
 A = Elapsed time spent in this place.
 B = Non-inter-level travel time spent in this place.
 C = Inter-level travel time spent in this place.
 D = Time resting spent in this place.
 E = Time spent auto-exploring this place.
 F = Levels seen in this place.
 G = Mean time per level.
                   A        B        C        D        E       F      G
               +--------+--------+--------+--------+--------+-----+--------+
         Total |    665 |    645 |     20 |    487 |      0 |   1 |  665.0 |
       Dungeon |    665 |    645 |     20 |    487 |      0 |   1 |  665.0 |
               +--------+--------+--------+--------+--------+-----+--------+

Top non-repeatable levels by time:
       D: 665 daAuts
